cohdb
Replays
Latest Replays
All Replays
Popular Replays
Top Player Replays
Match Explorer
How It Works
Community
CoH3 Stats
Reddit
Sign in to upload your games and track your stats! →
Sign in with Steam
Match 45156546
Unlisted
Match 45156546
Overview
Messages
Build Orders
End
Construct Infanterie Kompanie
Kettenkrad Recon Vehicle
MG 42 Machine Gun Team
GrW 34 Mortar Team
GrW 34 Mortar Team
Construct Luftwaffe Kompanie
GrW 34 Mortar Team
Pioneer Squad
221 Scout Car
Pioneer Squad
Mother Teresa
KoVAC
likewind3
DoMxNightM4rE
zintoko
💧||CheckO||💧
0
0
Comments
sign in to comment!
No comments posted yet!